 Dungeon Crawl Stone Soup version 0.25.1-2-g60ff931df9 (webtiles) character file.

Game seed: 8349666258344901917

2491 H0rd4k the Thaumaturge (level 9, -11/45 HPs)
             Began as a Deep Elf Wizard on Nov 18, 2020.
             Mangled by an orc warrior
             ... wielding a +2 scimitar of holy wrath
              (19 damage)
             ... on level 7 of the Dungeon.
             The game lasted 00:22:14 (11299 turns).

H0rd4k the Thaumaturge (Deep Elf Wizard)           Turns: 11299, Time: 00:22:14

Health: -11/45     AC:  2    Str:  4    XL:     9   Next: 27%
Magic:  7/25       EV: 14    Int: 27    God:
Gold:   532        SH:  0    Dex: 13    Spells: 9/29 levels left

rFire    . . .     SeeInvis .   v - +2 dagger (drain)
rCold    + . .     Gourm    .   (no shield)
rNeg     . . .     Faith    .   a - +0 robe
rPois    .         Spirit   .   b - +0 hat
rElec    .         Reflect  .   (no cloak)
rCorr    .         Harm     .   (no gloves)
MR       .....                  (no boots)
Stlth    +++.......             (no amulet)
HPRegen  0.15/turn              f - ring of wizardry
MPRegen  0.19/turn              s - ring of protection from cold

@: very slightly contaminated
A: no striking features
a: no special abilities


You were on level 7 of the Dungeon.
You were not hungry.

You visited 1 branch of the dungeon, and saw 8 of its levels.

You collected 532 gold pieces.

Inventory:

Hand Weapons
 v - a +2 dagger of draining (weapon)
 F - the +8 hunting sling "Wililis" {venom, *Drain rC++ Dex+3}
   (You found it on level 8 of the Dungeon)

   It poisons the ammo it fires.
   It affects your dexterity (+3).
   It greatly protects you from cold.
   It causes draining when unequipped.
Armour
 a - a +0 robe (worn)
 b - a +0 hat (worn)
Jewellery
 f - a ring of wizardry (left hand)
 s - a ring of protection from cold (right hand)
Wands
 C - a wand of enslavement (2)
 E - a wand of disintegration (12)
Scrolls
 c - 3 scrolls of amnesia {unknown}
 g - a scroll of torment {unknown}
 h - 4 scrolls of teleportation
 j - 4 scrolls of remove curse
 k - 4 scrolls of immolation
 l - 2 scrolls of fear {unknown}
 m - a scroll of magic mapping {unknown}
 p - 3 scrolls of enchant armour {unknown}
 q - 3 scrolls of blinking
 r - 3 scrolls of fog {unknown}
 y - a scroll of summoning {unknown}
Potions
 i - a potion of invisibility {unknown}
 n - 4 potions of might
 t - a potion of mutation {unknown}
 u - 2 potions of flight
 w - 2 potions of berserk rage
 x - a potion of stabbing {unknown}
 z - 2 potions of brilliance
 A - 2 potions of lignification
 B - 2 potions of resistance
 D - a potion of degeneration {unknown}
Comestibles
 d - 17 rations
 o - a chunk of flesh


   Skills:
 + Level 4.4 Dodging
 + Level 4.5 Stealth
 + Level 10.7 Spellcasting
 + Level 6.7 Conjurations
 + Level 5.1 Hexes
 + Level 0.2 Charms
   Level 1.1 Summonings
 + Level 2.2 Translocations
 + Level 3.4 Fire Magic
 + Level 1.8 Air Magic
 + Level 2.4 Poison Magic


You had 9 spell levels left.
You knew the following spells:

 Your Spells              Type           Power        Failure   Level  Hunger
a - Magic Dart            Conj           ####         1%          1    None
b - Blink                 Tloc           N/A          1%          2    None
c - Conjure Flame         Conj/Fire      #####...     1%          3    None
d - Mephitic Cloud        Conj/Pois/Air  ####....     1%          3    None
e - Dazzling Flash        Conj/Hex       #####.       1%          3    None
f - Tukima's Dance        Hex            #####...     1%          3    None
g - Shroud of Golubria    Chrm/Tloc      ###...       1%          2    None
h - Inner Flame           Hex/Fire       #####...     1%          3    None

Your spell library contained the following spells:

 Spells                   Type           Power        Failure   Level  Hunger
 Corona                   Hex            #####..      1%          1    None
 Foxfire                  Conj/Fire      ####         1%          1    None
 Infusion                 Chrm           ###.         1%          1    None
 Call Imp                 Summ           ###.....     1%          2    None
 Ensorcelled Hibernation  Hex/Ice        ####..       1%          2    None
 Slow                     Hex            #####...     1%          2    None
 Confusing Touch          Hex            #####...     1%          3    None
 Spectral Weapon          Hex/Chrm       ####....     1%          3    None
 Sticky Flame             Conj/Fire      #####...     1%          4    None
 Song of Slaying          Chrm           ###.....     2%          2    None
 Ozocubu's Armour         Chrm/Ice       ###.....     4%          3    None
 Fireball                 Conj/Fire      #####.....   6%          5    ###....


Dungeon Overview and Level Annotations

Branches:
Dungeon (8/15)             Temple (0/1) D:7
   Lair: D:8-11

Altars:
Vehumet
Xom

Shops:
D:4 *   D:5 :

Annotations:
D:4 exclusion: downstairs
D:5 exclusion: 3 downstairs


Message History

The orc warrior hits you with a +2 scimitar of holy wrath!!
Casting: Magic Dart (safe; 1% risk of failure)
Confirm with . or Enter, or press ? or * to list all spells.
Aiming: Magic Dart (safe; 1% risk of failure)
Press: ? - help, Shift-Dir - straight line, f/p - orc warrior
Aim: an orc warrior, wielding a +2 scimitar of holy wrath and wearing a +0 chain mail (flame, heavily wounded, confused)
The magic dart hits the orc warrior.
The orc warrior is heavily wounded.
The orc warrior hits you with a +2 scimitar of holy wrath!
* * * LOW HITPOINT WARNING * * *
Casting: Magic Dart (safe; 1% risk of failure)
Confirm with . or Enter, or press ? or * to list all spells.
Aiming: Magic Dart (safe; 1% risk of failure)
Press: ? - help, Shift-Dir - straight line, f/p - orc warrior
Aim: an orc warrior, wielding a +2 scimitar of holy wrath and wearing a +0 chain mail (flame, heavily wounded, confused)
The magic dart hits the orc warrior but does no damage.
The orc warrior is heavily wounded.
The orc warrior is engulfed in blazing flames.
The orc warrior hits you with a +2 scimitar of holy wrath!!
You die...

#...#####.......#.
########...#####.......#.
...............'.......'.
########...#####.......#.
#...#####.......#.
#...............#. #
#..........######.
#.################.......#####..
##.).........°○o@)...............
........#############.#####...#..
#######.# #...# #.#.#.# ...# #.#
#...# #.#.#.# ..o####.#
##'#####.#.#.# .#......###
#.##....#.#.. ...#.#....
...##.....### #o.....###.. ...
##÷<### ...#.#....# .8. #### #


You could see an orc warrior (confused).

Vanquished Creatures
  A hippogriff (D:7)
  2 orc warriors (D:7)
  A black bear (D:6)
  2 ice beasts
  5 ogres
  A centaur (D:8)
  A necrophage (D:7)
  4 bullfrogs
  5 killer bees (D:7)
  3 wights (D:8)
  A howler monkey (D:5)
  A bullfrog zombie (D:5)
  A centaur zombie (D:5)
  A jelly (D:8)
  A hound (D:6)
  An orc priest (D:4)
  Terence (D:2)
  An iguana (D:8)
  6 orc wizards
  2 worker ants (D:5)
  7 adders
  A howler monkey skeleton (D:5)
  An adder zombie (D:7)
  A worm (D:2)
  3 dart slugs (D:1)
  3 leopard geckos
  16 orcs
  2 ball pythons
  5 giant cockroaches
  5 goblins
  5 hobgoblins
  2 jackals
  6 quokkas
  6 bats (D:2)
  7 frilled lizards
  A giant cockroach zombie (D:6)
  6 kobolds (D:1)
  A quokka skeleton (D:6)
  13 rats
132 creatures vanquished.

Vanquished Creatures (collateral kills)
  A worker ant (D:7)
  An orc (D:7)
  A jackal (D:7)
3 creatures vanquished.

Vanquished Creatures (others)
  A bullfrog (D:6)
  An orc wizard (D:7)
2 creatures vanquished.

Grand Total: 137 creatures vanquished

Notes
Turn   | Place    | Note
-------+----------+-------------------------------------------
     0 | D:1      | H0rd4k the Deep Elf Wizard began the quest for the Orb.
     0 | D:1      | Reached XP level 1. HP: 10/10 MP: 7/7
   355 | D:1      | Reached XP level 2. HP: 15/15 MP: 2/9
   449 | D:1      | Reached skill level 5 in Spellcasting
  1137 | D:1      | Reached XP level 3. HP: 14/19 MP: 8/11
  1141 | D:1      | Learned a level 2 spell: Blink
  1145 | D:1      | Learned a level 3 spell: Conjure Flame
  1149 | D:1      | Learned a level 3 spell: Mephitic Cloud
  2186 | D:2      | Reached XP level 4. HP: 8/24 MP: 4/13
  2335 | D:2      | You fall into a shaft and drop 2 floors!
  2680 | D:2      | Reached skill level 1 in Fire Magic
  2773 | D:2      | Noticed Terence
  2831 | D:2      | Killed Terence
  2831 | D:2      | Reached skill level 1 in Poison Magic
  3023 | D:3      | You fall into a shaft and drop 1 floor!
  3387 | D:3      | Noticed an ogre
  3396 | D:3      | Killed an ogre
  3396 | D:3      | Reached skill level 6 in Spellcasting
  3396 | D:3      | Reached skill level 1 in Air Magic
  3396 | D:3      | Reached XP level 5. HP: 28/28 MP: 4/15
  4184 | D:4      | Noticed an ogre
  4196 | D:4      | Killed an ogre
  4196 | D:4      | Reached XP level 6. HP: 32/32 MP: 3/17
  4477 | D:4      | Found Ubuirhehome's Assorted Antiques.
  4771 | D:4      | Learned a level 3 spell: Dazzling Flash
  4775 | D:4      | Learned a level 3 spell: Tukima's Dance
  4797 | D:5      | Entered Level 5 of the Dungeon
  5160 | D:5      | Noticed an ice beast
  5265 | D:5      | Reached skill level 1 in Hexes
  5529 | D:5      | Found Mekh's Book Emporium.
  5575 | D:5      | Killed an ice beast
  5575 | D:5      | Reached skill level 7 in Spellcasting
  5575 | D:5      | Reached XP level 7. HP: 36/36 MP: 6/19
  6362 | D:6      | Reached skill level 8 in Spellcasting
  6543 | D:5      | Reached XP level 8. HP: 41/41 MP: 13/22
  6604 | D:7      | Found a staircase to the Ecumenical Temple.
  7249 | D:8      | Learned a level 2 spell: Shroud of Golubria
  7573 | D:8      | Reached skill level 9 in Spellcasting
  7712 | D:8      | Reached skill level 5 in Conjurations
  7864 | D:8      | Found a shimmering altar of Xom.
  8959 | D:8      | Got a shimmering hunting sling
  9094 | D:8      | Identified the +8 hunting sling "Wililis" {venom, *Drain
                  | rC++ Dex+3} (You found it on level 8 of the Dungeon)
  9187 | D:7      | Reached skill level 5 in Hexes
  9699 | D:7      | Reached skill level 10 in Spellcasting
  9731 | D:7      | Noticed a hippogriff
  9877 | D:6      | HP: 2/41 [bullfrog (9)]
  9882 | D:6      | Reached XP level 9. HP: 3/45 MP: 8/25
 11030 | D:7      | Found a radiant altar of Vehumet.
 11125 | D:7      | Learned a level 3 spell: Inner Flame
 11299 | D:7      | Mangled by an orc warrior

Illustrated notes

Levels and vault maps discovered:
D:1:      dpeg_arrival_rooms_c, layout_loops_corners
D:2:      layout_loops_corners, uniq_terence
D:3:      layout_loops_ring, due_unseen_surprise
D:4:      layout_loops_ring, serial_shops, nicolae_shop_window_shopping,
          first_ration, chequers_serial_rivers_micro_e
D:5:      layout_loops_ring, serial_shops, shop
D:6:      layout_rooms, minmay_hollow_rounded_squares
D:7:      layout_basic, minmay_overflow_temple_star_hex, kennysheep_mini,
          minmay_temple_entry_arrows, serial_glass, glass_columns_a,
          glass_columns_b
D:8:      layout_layer_cave, tgw_xom

Skill      XL: |  1  2  3  4  5  6  7  8  9 |
---------------+----------------------------+-----
Spellcasting   | 5 6 7 8 10 | 10.7
Fire Magic     | 1 2 3 |  3.4
Poison Magic   | 2 |  2.4
Stealth        | 3 4 |  4.5
Conjurations   | 2 3 4 6 |  6.7
Air Magic      | 1 |  1.8
Dodging        | 3 4 |  4.4
Hexes          | 2 3 5 |  5.1
Translocations | 2 |  2.2
Charms         | |  0.2
Summonings     | |  1.1

Action                   |  1- 3 |  4- 6 |  7- 9 || total
-------------------------+-------+-------+-------++-------
Melee: Dagger            |       |       |     1 ||     1
 Cast: Magic Dart        |   101 |   146 |   263 ||   510
       Conjure Flame     |       |     8 |    25 ||    33
       Blink             |       |     2 |    15 ||    17
       Mephitic Cloud    |       |     2 |     7 ||     9
       Dazzling Flash    |       |     1 |     8 ||     9
       Shroud of Golubri |       |       |     1 ||     1
Evoke: Wand              |       |       |     7 ||     7
  Use: Potion            |       |     1 |     4 ||     5
       Scroll            |       |       |    11 ||    11
  Eat: Chunk             |     4 |    10 |     7 ||    21
       Ration            |       |       |     3 ||     3
Armor: Robe              |     1 |     2 |     6 ||     9
Dodge: Dodged            |    14 |    26 |    92 ||   132
